 Dungeon Crawl Stone Soup version 0.17-a0-1176-g3d5a0d0 (webtiles) character file.

25030 Lektor the Bludgeoner (level 13, 129/139 HPs)
             Began as an Ogre Berserker on May 29, 2015.
             Was the Champion of Trog.
             Drowned
             ... on level 3 of the Lair of Beasts on May 30, 2015.
             The game lasted 01:51:48 (15996 turns).

Lektor the Bludgeoner (Ogre Berserker)             Turns: 15996, Time: 01:51:48

Health: 129/139    AC:  9    Str: 25      XL:     13   Next: 16%
Magic:  13/13      EV: 14    Int:  3 (6)  God:    Trog [******]
Gold:   850        SH:  0    Dex: 13      Spells: 0 memorised, 12 levels left

rFire  . . .     SeeInvis .     q - +0 giant spiked club
rCold  + . .     Clarity  .     C - +1 robe {rC+}
rNeg   . . .     SustAt   .     (no shield)
rPois  .         Gourm    +     s - +2 hat {Spirit}
rElec  .         Spirit   +     Z - +2 cloak
rCorr  .         Warding  .     (gloves unavailable)
rMut   .         Stasis   .     (boots unavailable)
MR     ++...                    Q - amulet of the gourmand
Stlth  +.........               m - ring of protection from magic
                                w - +3 ring of evasion

@: very resistant to hostile enchantments, very unstealthy
A: unfitting armour, horns 1, tough skin 1
a: Burn Spellbooks, Berserk, Trog's Hand, Brothers in Arms, Renounce Religion


You were on level 3 of the Lair of Beasts.
You worshipped Trog.
Trog was exalted by your worship.
You were very full.

You visited 3 branches of the dungeon, and saw 15 of its levels.
You also visited: Volcano.

You collected 850 gold pieces.

Inventory:

Hand weapons
 q - a +0 giant spiked club (weapon)
Missiles
 b - 104 poisoned needles
 l - 4 exploding tomahawks
 y - 5 javelins of penetration
 G - 6 tomahawks of returning
 J - 3 needles of slowing
 M - 11 large rocks (quivered)
 N - 2 poisoned tomahawks
 U - a throwing net
Armour
 s - a +2 hat of spirit shield (worn)
 C - a +1 robe of cold resistance (worn)
 Z - a +2 cloak (worn)
Jewellery
 m - a ring of protection from magic (right hand)
 t - an uncursed ring of sustain attributes {unknown}
 w - a +3 ring of evasion (left hand)
 Q - an amulet of the gourmand (around neck)
 X - an uncursed ring of magical power
Magical devices
 e - a wand of fireball (11)
 x - a wand of fireball (4)
 A - a wand of magic darts (23)
 E - a wand of frost (9)
 S - a wand of draining (4)
 W - a wand of draining (7)
 Y - a wand of flame (37)
Scrolls
 h - a scroll of fog
 i - 2 scrolls of remove curse
 o - 2 scrolls of fear
 z - 3 scrolls of immolation
 B - 3 scrolls of enchant weapon
 F - a scroll of enchant armour
 H - 2 scrolls of blinking
 O - 3 scrolls of teleportation
 T - a scroll of recharging
Potions
 a - 2 potions of heal wounds
 d - 2 potions of might
 f - a potion of flight
 g - a potion of resistance
 j - 2 potions of brilliance
 k - 2 potions of curing
 n - 2 potions of mutation
 u - 2 potions of lignification {unknown}
 D - 2 potions of ambrosia {unknown}
 I - a potion of berserk rage
 K - a potion of cancellation {unknown}
 L - 3 potions of agility
Miscellaneous
 P - a phantom mirror
 R - a plain deck of defence {drawn: 1}
Comestibles
 c - 10 bread rations
 v - 4 fruits


   Skills:
 + Level 11.9 Fighting
 * Level 20.6 Maces & Flails
 + Level 10.3 Throwing
 - Level 4.3 Dodging


You had 12 spell levels left.
You didn't know any spells.

Dungeon Overview and Level Annotations

Branches:
Dungeon (11/15)            Temple (1/1) D:5            Lair (3/8) D:9
  Swamp (0/4) Lair:3        Snake (0/4) Lair:3
    Orc: D:9-12

Altars:
Ashenzari
Cheibriados
Dithmenos
Elyvilon
Fedhas
Gozag
Kikubaaqudgha
Makhleb
Nemelex Xobeh
Okawaru
Qazlal
Ru
Trog
Vehumet
Xom
Yredelemnul
Zin
The Shining One

Shops:
D:7 :}   D:8 *

Annotations:
D:5 Dowan
D:7 4 runed doors


Innate Abilities, Weirdness & Mutations

You are too large for most types of armour.
You have tough skin (AC +1).
You have a pair of small horns on your head.


Message History

The orange crystal statue is almost destroyed.
The orange crystal statue fixes its piercing gaze on you.
Something tries to feed on your intellect!
Throwing (i - inventory. (,) - cycle):
M - 13 large rocks (quivered)
Press: ? - help, Shift-Dir - straight line, f/p - orange crystal statue
Aim: an orange crystal statue (almost destroyed)
You throw a large rock.
The large rock hits the orange crystal statue but does no damage.
The orange crystal statue is almost destroyed.
Throwing (i - inventory. (,) - cycle):
M - 12 large rocks (quivered)
Press: ? - help, Shift-Dir - straight line, f/p - orange crystal statue
Aim: an orange crystal statue (almost destroyed)
You throw a large rock.
The large rock hits the orange crystal statue!!
You destroy the orange crystal statue!
Found a crystal ball of energy and a papyrus manual.
Found a plain deck of cards and a tourmaline ring.
You float gracefully downwards.
You fall into the water!
You sink like a stone!
You drown...
You die...

##### ###≈≈≈###
###≈≈≈≈≈≈≈###
###≈≈≈≈≈≈≈≈≈≈≈##
##≈≈≈≈≈≈###≈≈≈≈≈###
##≈≈≈≈≈≈## ###≈@≈.(#
##≈≈≈≈#### ##≈≈≈##
≈≈≈≈≈## #≈≈≈≈# ≈≈≈###
##≈≈=}} ≈≈## #≈[:=# ≈##
##### ≈###
≈≈≈####################
≈≈.≈..................#


There were no monsters in sight!

Vanquished Creatures
  Gastronok (Lair:3)
  3 hydras
  A tengu warrior (D:10)
  2 hill giants (D:10)
  An orc sorcerer (Volcano)
  3 black mambas (Lair:3)
  The ghost of Monkaria the Slasher, an experienced DsCK of Xom (D:5)
  An orange crystal statue (Lair:3)
  5 spiny frogs
  3 komodo dragons
  4 blink frogs (Lair:1)
  Prince Ribbit (D:9)
  2 two-headed ogres
  4 ravens (D:10)
  Sigmund (D:5)
  20 yaks
  A wraith (D:10)
  A steam dragon (D:7)
  6 hippogriffs
  5 wolves (Lair:3)
  13 water moccasins
  Duvessa (D:5)
  3 black bears
  3 sky beasts
  5 porcupines
  8 orc warriors
  2 ogres
  3 ice beasts
  2 phantoms
  7 centaurs
  3 big kobolds
  8 crocodiles
  8 giant frogs
  A gnoll sergeant (D:7)
  16 jellies
  A scorpion (D:6)
  3 killer bees (D:7)
  2 crimson imps
  3 electric eels (Lair:3)
  A centaur zombie (D:9)
  A giant frog zombie (D:6)
  2 hounds (D:7)
  2 orc wizards (D:3)
  Crazy Yiuf (D:3)
  A gnoll shaman (D:10)
  An orc priest (D:9)
  3 giant frog skeletons
  9 iguanas
  4 hell rats (D:6)
  10 worker ants
  8 sheep (Lair:2)
  A killer bee zombie (D:9)
  3 hound skeletons
  A hound zombie (D:5)
  18 adders
  21 gnolls
  11 river rats
  3 shadow imps
  5 oozes
  An adder zombie (D:9)
  3 adder skeletons
  4 worms
  6 giant geckos
  23 orcs
  13 bats
  12 giant cockroaches
  8 goblins
  16 hobgoblins
  22 kobolds
  5 quokkas
  4 ball pythons
  A giant gecko zombie (D:5)
  9 giant newts
  11 jackals
  A jackal skeleton (D:3)
  39 rats
  A plant (D:6)
443 creatures vanquished.

Vanquished Creatures (collateral kills)
  An orc priest (D:10)
  A gnoll shaman (D:10)
  3 gnolls (D:10)
  An orc (D:10)
  A hobgoblin (D:10)
7 creatures vanquished.

Vanquished Creatures (others)
  An ogre (D:10)
  A fungus (Lair:2)
  3 plants (Lair:3)
5 creatures vanquished.

Grand Total: 455 creatures vanquished

Notes
Turn   | Place    | Note
--------------------------------------------------------------
     0 | D:1      | Lektor the Ogre Berserker began the quest for the Orb.
     0 | D:1      | Reached XP level 1. HP: 24/24 MP: 1/1
    58 | D:1      | Reached XP level 2. HP: 32/32 MP: 2/2
   301 | D:1      | Reached skill level 5 in Maces & Flails
   396 | D:1      | Reached XP level 3. HP: 28/39 MP: 3/3
   732 | D:2      | Reached skill level 6 in Maces & Flails
   950 | D:2      | Acquired Trog's second power
  1104 | D:2      | Found a shimmering altar of Xom.
  1106 | D:2      | Found a white marble altar of Elyvilon.
  1115 | D:2      | Reached XP level 4. HP: 46/48 MP: 4/4
  1165 | D:2      | Found a shattered altar of Ashenzari.
  1879 | D:3      | Reached skill level 7 in Maces & Flails
  2019 | D:3      | Reached XP level 5. HP: 54/54 MP: 5/5
  2053 | D:2      | Upgraded the game from 0.17-a0-1168-gbda161f to 0.17-a0-1176-g3d5a0d0
  2150 | D:3      | Found a glowing golden altar of the Shining One.
  2504 | D:3      | Found a shattered altar of Ashenzari.
  2517 | D:3      | Reached skill level 8 in Maces & Flails
  2684 | D:3      | Reached XP level 6. HP: 35/62 MP: 6/6
  2691 | D:3      | Found a shadowy altar of Dithmenos.
  3013 | D:3      | Noticed Crazy Yiuf
  3022 | D:3      | Killed Crazy Yiuf
  3022 | D:3      | Reached skill level 1 in Throwing
  3505 | D:4      | Reached skill level 9 in Maces & Flails
  3818 | D:4      | Reached XP level 7. HP: 56/70 MP: 7/7
  3923 | D:5      | Entered Level 5 of the Dungeon
  4041 | D:5      | Acquired Trog's third power
  4089 | D:5      | Noticed Sigmund
  4133 | D:5      | Killed Sigmund
  4133 | D:5      | Reached skill level 5 in Fighting
  4133 | D:5      | Reached skill level 10 in Maces & Flails
  4133 | D:5      | Reached XP level 8. HP: 12/81 MP: 8/8
  4407 | D:5      | Found a sparkling altar of Nemelex Xobeh.
  4516 | D:5      | Found a staircase to the Ecumenical Temple.
  4523 | Temple   | Entered the Ecumenical Temple
  4728 | D:5      | Found a bloodstained altar of Trog.
  4746 | D:5      | Noticed Duvessa
  4747 | D:5      | Noticed Dowan
  4763 | D:5      | Killed Duvessa
  4785 | D:5      | Noticed Monkaria's ghost (experienced DsCK)
  4809 | D:5      | Killed Monkaria's ghost
  4809 | D:5      | Reached skill level 5 in Throwing
  5446 | D:6      | Found an ancient bone altar of Kikubaaqudgha.
  5588 | D:6      | Reached skill level 11 in Maces & Flails
  5847 | D:6      | Found a sacrificial altar of Ru.
  5888 | D:6      | Found a shadowy altar of Dithmenos.
  5992 | D:6      | Reached XP level 9. HP: 59/93 MP: 9/9
  6437 | D:6      | Reached skill level 12 in Maces & Flails
  6841 | D:7      | Got a fine trident
  6842 | D:7      | Identified the +5 trident of Vyngicoj {pierce, Dex+6} (You found it on level 7 of the Dungeon)
  6868 | D:7      | Reached skill level 13 in Maces & Flails
  6880 | D:7      | Found a huge runed gate.
  6880 | D:7      | Found a huge runed gate.
  6880 | D:7      | Found a huge runed gate.
  6880 | D:7      | Found a huge runed gate.
  6880 | D:7      | Noticed a griffon
  6880 | D:7      | Noticed a griffon
  6880 | D:7      | Noticed a griffon
  6884 | D:7      | Noticed a griffon
  7109 | D:7      | Reached skill level 14 in Maces & Flails
  7587 | D:7      | Reached XP level 10. HP: 102/102 MP: 10/10
  7626 | D:7      | Found Bacoc's Book Emporium.
  7672 | D:7      | Found Derghen's Gadget Boutique.
  7679 | D:7      | Received a gift from Trog
  7848 | D:8      | Found an opulent altar of Gozag.
  8609 | D:8      | Found Gozag's Platinum Reserve.
  8609 | D:8      | Found an opulent altar of Gozag.
  8648 | D:8      | Found a shimmering altar of Xom.
  9383 | D:9      | Gained mutation: You have a pair of small horns on your head. [potion of beneficial mutation]
  9399 | D:9      | Noticed Prince Ribbit
  9412 | D:9      | Found a staircase to the Lair.
  9500 | D:9      | Reached skill level 15 in Maces & Flails
  9950 | D:9      | Killed Prince Ribbit
 10491 | D:10     | Entered Level 10 of the Dungeon
 10767 | D:10     | Noticed a hill giant
 10773 | D:10     | Killed a hill giant
 10773 | D:10     | Reached XP level 11. HP: 101/117 MP: 11/11
 10791 | D:10     | Received a gift from Trog
 10877 | D:10     | Noticed a tengu warrior
 10884 | D:10     | Reached skill level 10 in Fighting
 10890 | D:10     | Reached skill level 16 in Maces & Flails
 10894 | D:10     | Killed a tengu warrior
 11454 | D:10     | Received a gift from Trog
 11623 | D:10     | Noticed a hill giant
 11629 | D:10     | Killed a hill giant
 11705 | Lair:1   | Entered Level 1 of the Lair of Beasts
 11770 | Lair:1   | Reached skill level 17 in Maces & Flails
 11916 | Lair:1   | Found a dark tunnel.
 11923 | Volcano  | Entered a volcano
 12485 | Lair:1   | Noticed an eight-headed hydra
 12491 | Lair:1   | Killed an eight-headed hydra
 12491 | Lair:1   | Reached skill level 18 in Maces & Flails
 12491 | Lair:1   | Reached XP level 12. HP: 127/127 MP: 12/12
 12659 | Lair:1   | Noticed a six-headed hydra
 12662 | Lair:1   | Killed a six-headed hydra
 13023 | Lair:2   | Reached skill level 19 in Maces & Flails
 13210 | Lair:2   | Received a gift from Trog
 13699 | Lair:2   | Received a gift from Trog
 14385 | Lair:3   | Found a staircase to the Snake Pit.
 14431 | Lair:3   | Reached skill level 20 in Maces & Flails
 14453 | Lair:3   | Received a gift from Trog
 14926 | Lair:3   | Found a staircase to the Swamp.
 14926 | Lair:3   | Noticed a seven-headed hydra
 14935 | Lair:3   | Killed a seven-headed hydra
 15488 | Lair:3   | Reached XP level 13. HP: 137/137 MP: 13/13
 15523 | Lair:3   | Reached skill level 10 in Throwing
 15710 | Lair:3   | Noticed Gastronok
 15718 | Lair:3   | Killed Gastronok
 15996 | Lair:3   | Drowned

Vault maps used:
D:1:      lightli_arrival_lavapool
D:2:      grunt_temple_overflow_open, ashenzari_altar_1
D:3:      lemuel_coloured_pillars_altar, nicolae_tso_carved_into_rock,
          lemuel_doored_altar, uniq_crazy_yiuf_cottage
D:4:      first_bread
D:5:      kennysheep_mini, kennysheep_little_box, minmay_temple_entry_junction,
          nemelex_lonely_heart_becter, uniq_duvessa, uniq_sigmund
D:6:      lemuel_ratsnest, kiku_gazebo_garden_becter, kennysheep_mini_moat,
          nicolae_dithmenos_through_a_glass_darkly
D:7:      lemuel_bear_cage, serial_shops, shop, nicolae_shop_trees,
          grunt_ogre_cave
D:8:      old_standard_altar, basic_altar, nicolae_gozag_zags_fifth_avenue
D:9:      lair_0_dummy, st_stairs_9, uniq_prince_ribbit1
Temple:   nicolae_temple_no_exploring_needed
Lair:1:   nicolae_volcano_entry_hallway
Lair:2:   grunt_megastairs_2
Lair:3:   statuecave_lemuel, minmay_swamp_entry_reptiles,
          minmay_snake_entry_six_corridors, serial_bayou_lagoon_a,
          nicolae_quartered_pool_medium, st_stairs_10, beast_lair_carwin_9,
          uniq_gastronok
Volcano:  volcano_pools

Action                   |  1- 3 |  4- 6 |  7- 9 | 10-12 | 13-15 || total
-------------------------+-------+-------+-------+-------+-------++-------
Melee: Mace              |    87 |    66 |       |       |       ||   153
       Flail             |       |    97 |   153 |   106 |       ||   356
       Quarterstaff      |       |    57 |   191 |       |       ||   248
       Dire flail        |       |       |       |   134 |       ||   134
       Giant spiked club |       |       |       |   285 |    15 ||   300
Throw: Stone             |     2 |    17 |    32 |    26 |       ||    77
       Tomahawk          |       |       |    22 |   102 |     6 ||   130
       Javelin           |       |       |       |    36 |       ||    36
       Large rock        |       |       |       |    33 |    14 ||    47
Invok: Berserk           |       |     3 |     7 |     5 |       ||    15
       Brothers in Arms  |       |       |       |     2 |       ||     2
Evoke: Wand              |       |       |     7 |     2 |       ||     9
       Deck              |       |       |       |     1 |       ||     1
  Use: Scroll            |       |     7 |     8 |     7 |       ||    22
       Potion            |       |       |     5 |     3 |     1 ||     9
 Stab: Sleeping          |       |     1 |       |     1 |       ||     2
       Distracted        |       |     1 |       |     1 |       ||     2
       Paralysed         |       |     1 |       |       |       ||     1
  Eat: Chunk             |     1 |    11 |    17 |    38 |     1 ||    68
       Pizza             |       |       |     1 |       |       ||     1
       Beef jerky        |       |       |     1 |       |       ||     1
